 Dungeon Crawl Stone Soup version 0.29-a0-321-gf1c400731a (webtiles) character file.

Game seed: 7895477746271556201

127 spaghetti the Covert (level 5, 0/36 HPs)
             Began as an Octopode Delver on Apr 4, 2022.
             Slain by a gnoll
             ... wielding a +0 club
              (8 damage)
             ... on level 4 of the Dungeon.
             The game lasted 00:01:02 (224 turns).

spaghetti the Covert (Octopode Delver)               Turns: 224, Time: 00:01:03

Health: 0/36       AC:  1    Str: 16    XL:     5   Next: 11%
Magic:  5/5        EV: 13    Int: 12    God:
Gold:   0          SH:  0    Dex: 15    Spells: 4/4 levels left

rFire   . . .      SeeInvis .   h - +6 dagger "Rinloy" {vorpal, Str+4, short}
rCold   . . .      Faith    .   (no shield)
rNeg    . . .      Spirit   .   (helmet restricted)
rPois   .          Reflect  .   (no amulet)
rElec   .          Harm     .   (no ring)
rCorr   .          Rampage  .   (no ring)
Will    .....                   (no ring)
Stlth   +++++.....              (no ring)
HPRegen 0.12/turn               (no ring)
MPRegen 0.09/turn               (no ring)
                                (no ring)
                                (no ring)

@: no status effects
A: almost no armour, amphibious, 8 rings, camouflage 1, gelatinous body 1,
(nimble swimmer 1), tentacles
a: no special abilities


You were on level 4 of the Dungeon.
You visited 1 branch of the dungeon, and saw 2 of its levels.


Innate Abilities, Weirdness & Mutations

You cannot wear most types of armour.
You are amphibious.
You can wear up to eight rings at the same time.
Your skin changes colour to match your surroundings (Stealth+).
Your rubbery body absorbs attacks. (AC +1, EV +1)
((You are camouflaged when in or above water. (Stealth+)))
You have tentacles for arms and can constrict up to eight enemies at once.


   Skills:
 - Level 3.0 Fighting
 - Level 2.0 Short Blades
 - Level 2.0 Dodging
 + Level 9.5 Stealth


You had 4 spell levels left.
You didn't know any spells.
Your spell library was empty.

Inventory:

Hand Weapons
 a - a +0 short sword {short}
 h - the +6 dagger "Rinloy" (weapon) {vorpal, Str+4, short}
   (You found it on level 4 of the Dungeon)

   It inflicts extra damage upon your enemies.
   Str:       It affects your strength (+4).
 j - a +1 vampiric dagger {short}
   (You took it off Ijyb on level 4 of the Dungeon)
Missiles
 g - 23 stones (quivered) {throwing}
Wands
 f - a wand of digging (3)
 i - a wand of iceblast (5)
   (You took it off Ijyb on level 4 of the Dungeon)
Scrolls
 b - a scroll of fog
 c - a scroll of magic mapping {!r}
 d - a scroll of fear
Potions
 e - a potion of haste {@q3}

Dungeon Overview and Level Annotations

Branches:
Dungeon (5/15)
 Temple: D:4-7

Altars:

#..# #...#. #..# ....# ##.##.
#..# #.#..###### ##...#. #..#
......... #..#...
####..#####.........### #.###..
#.........# ..... ......#..#...
#.........# ... #.......#
#......>..# #.# ####....?
#.........# #@# ####.....
#####.##### #g# ####....#.##
#..# #.#####....###..# #.##
#...g...#####.$## #.#
######.##########.###.
####.#####.........[...........
#................######.....###
#...........####..# #.....##
#.........#######.###...##.#


You could see a gnoll.


Message History

You hit Ijyb.
You kill Ijyb!
Your Stealth skill increases to level 8!
You have reached level 3!
Your experience leads to an increase in your attributes!
Your base attributes are Str 11, Int 12, Dex 13.
Increase (S)trength, (I)ntelligence, or (D)exterity?
You feel agile. x2 😮 HP[+3] MP[+1]
You now have 26 max hp (+5).
You regained 3 hp, and now have 16/26 hp.
Your mp is fully restored (3).
i - a wand of iceblast (5)
Things that are here:
a +1 vampiric dagger {short}; a +0 leather armour; the goblin corpse of Ijyb 😮 HP[+1]
j - a +1 vampiric dagger {short} A phantom comes into view.
You see here 10 gold pieces. 😎 HP[+9]
Your hp is fully restored (26).
A gnoll comes into view. It is wielding a +0 club.
The phantom misses you.
You closely miss the phantom. The phantom hits you.
The phantom blinks!
You blink.
Found 26 stones.
Found a stone staircase leading up. 😕 HP[-1]
You take 1 damage, and now have 25/26 hp.
Unknown command.
You hit the phantom. Your squeeze misses the phantom.
The phantom hits you but does no damage.
Unknown command.
You hit the phantom.
The phantom hits you but does no damage.
You hit the phantom. You squeeze the phantom! The phantom hits you. 😕 HP[-3]
You take 3 damage, and now have 22/26 hp.
You barely miss the phantom. You squeeze the phantom. The phantom hits you.
The phantom blinks!
You blink. 😮 HP[-5]
You take 5 damage, and now have 17/26 hp.
Unknown command.
You hit the phantom but do no damage. Your squeeze misses the phantom.
The phantom barely misses you.
You closely miss the phantom. The phantom hits you.
The phantom blinks!
You blink. 😮 HP[-3]
You take 3 damage, and now have 14/26 hp.
Unknown command.
Unknown command.
You hit the phantom. Your squeeze misses the phantom. The phantom hits you.
* * * LOW HITPOINT WARNING * * *
The phantom blinks!
You blink. 😨 HP[-5]
You take 5 damage, and now have 9/26 hp.
Unknown command.
You hit the phantom. You closely miss the phantom. The phantom hits you.
* * * LOW HITPOINT WARNING * * *
😱 HP[-4]
You take 4 damage, and now have 5/26 hp.
You barely miss the phantom. Your squeeze misses the phantom.
The phantom closely misses you.
You hit the phantom.
You destroy the phantom!
Your Stealth skill increases to level 9!
You have reached level 4!
You have reached level 5!
You feel stronger. 😱 HP[+3] MP[+2]
You now have 36 max hp (+10).
You regained 3 hp, and now have 8/36 hp.
Your mp is fully restored (5).
A gnoll shaman comes into view. It is wielding a +0 whip.
A ball python comes into view. 😱 HP[+1] 😨 HP[+1]
A giant cockroach comes into view.
The hobgoblin shouts!
The hobgoblin misses you.
You hit the hobgoblin. Your grab misses the hobgoblin.
You squeeze the hobgoblin, but do no damage.
The hobgoblin hits you.
* * * LOW HITPOINT WARNING * * *
😱 HP[-2]
You take 2 damage, and now have 8/36 hp.
You puncture the hobgoblin!
You kill the hobgoblin!
The giant cockroach barely misses you.
You closely miss the giant cockroach. You grab the giant cockroach.
You constrict the giant cockroach, but do no damage.
The giant cockroach bites you.
* * * LOW HITPOINT WARNING * * *
You hit the giant cockroach.
You kill the giant cockroach!
You puncture the gnoll! Your grab misses the gnoll.
Your squeeze misses the gnoll. The gnoll hits you with a +0 club!
You die...

Skill      XL: |  1  2  3 |
---------------+----------+-----
Stealth        | 7 8 9 |  9.5
Fighting       | |  3.0
Short Blades   | |  2.0
Dodging        | |  2.0

Action                   |  1- 3 |  4- 6 || total
-------------------------+-------+-------++-------
Melee: Dagger            |    19 |     5 ||    24
       Tentacles         |     4 |     1 ||     5
       Constrict         |     1 |     1 ||     2
 Stab: Sleeping          |     1 |       ||     1
Armor: Skin              |     2 |       ||     2
Dodge: Dodged            |     5 |     2 ||     7

Levels and vault maps discovered:
D:4:      layout_rooms, trog_wizard, minmay_strange_pillars, uniq_ijyb
D:5:      layout_cave_pools, serial_gnoll_camp, gnoll_camp_mini_doghouse,
          gnoll_camp_medium_01, gnoll_camp_mini_hut, gnoll_camp_mini_loothouse,
          gnoll_camp_huts_basic

Notes
Turn   | Place    | Note
-------+----------+-------------------------------------------
     0 | D:5      | spaghetti the Octopode Delver began the quest for the Orb.
     0 | D:5      | Reached XP level 1. HP: 16/16 MP: 1/1
     0 | D:5      | magus.rc [v1.9.6]
    17 | D:4      | Identified the +6 dagger "Rinloy" {vorpal, Str+4}
    28 | D:4      | Noticed an iguana
    32 | D:4      | Killed an iguana
    33 | D:4      | Reached skill level 7 in Stealth
    33 | D:4      | Reached XP level 2. HP: 21/21 MP: 2/2
    52 | D:4      | Noticed Ijyb
    60 | D:4      | Killed Ijyb
    61 | D:4      | Reached skill level 8 in Stealth
    61 | D:4      | Reached XP level 3. HP: 16/26 MP: 3/3
   183 | D:4      | Noticed a phantom
   197 | D:4      | HP: 5/26 [phantom (4)]
   199 | D:4      | Killed a phantom
   200 | D:4      | Reached skill level 9 in Stealth
   200 | D:4      | Reached XP level 4. HP: 7/31 MP: 4/4
   200 | D:4      | Reached XP level 5. HP: 8/36 MP: 5/5
   218 | D:4      | HP: 8/36 [hobgoblin (2)]
   224 | D:4      | Slain by a gnoll

Vanquished Creatures
  A phantom (D:4)
  Ijyb (D:4)
  An iguana (D:4)
  A giant cockroach (D:4)
  A hobgoblin (D:4)
5 creatures vanquished.

Table legend:
 A = Non-vault XP
 B = Vault XP
 C = Vault XP percentage of total XP
 D = Non-vault monster count
 E = Vault monster count
 F = Vault count percentage of total count
                 A         B        C        D         E       F
            +---------+---------+-------+---------+---------+-------
      Total |     146 |      36 |  19.8 |       4 |       1 |  20.0
            +---------+---------+-------+---------+---------+-------
        D:4 |     146 |      36 |  19.8 |       4 |       1 |  20.0
            +---------+---------+-------+---------+---------+-------

Illustrated notes

Table legend:
 A = Kills in this place as a percentage of kills in entire the game.
 B = Kills by you in this place as a percentage of kills by you in the entire game.
 C = Kills by friends in this place as a percentage of kills by friends in the entire game.
 D = Other kills in this place as a percentage of other kills in the entire game.
 E = Experience gained in this place as a percentage of experience gained in the entire game.
 F = Experience gained in this place divided by the number of levels of this place that you have seen.
                   A       B       C       D       E      F
               +-------+-------+-------+-------+-------+----------------------
         Total | 100.0 | 100.0 |   N/A |   N/A | 100.0 |  91.0
       Dungeon | 100.0 | 100.0 |   N/A |   N/A | 100.0 |  91.0
               +-------+-------+-------+-------+-------+----------------------

Table legend: (Time is in decaauts)
 A = Elapsed time spent in this place.
 B = Non-inter-level travel time spent in this place.
 C = Inter-level travel time spent in this place.
 D = Time resting spent in this place.
 E = Time spent auto-exploring this place.
 F = Levels seen in this place.
 G = Mean time per level.
                   A        B        C        D        E       F      G
               +--------+--------+--------+--------+--------+-----+--------+
         Total |    221 |    221 |      0 |      0 |    152 |   2 |  110.5 |
       Dungeon |    221 |    221 |      0 |      0 |    152 |   2 |  110.5 |
               +--------+--------+--------+--------+--------+-----+--------+

Top non-repeatable levels by time:
     D:4: 209 daAuts
     D:5: 12 daAuts
